 Dungeon Crawl Stone Soup version 0.31-a0-986-g5e6e4ef867 (webtiles) character file.

Game seed: 14449411007747752570

334 2FriedEggs the Changeling (level 6, 24/24 HPs)
             Began as a Felid Shapeshifter on Nov 14, 2023.
             Quit the game on level 4 of the Dungeon.
             The game lasted 00:06:48 (3097 turns).

2FriedEggs the Changeling (Felid Shapeshifter)      Turns: 3097, Time: 00:06:49

Health: 24/24      AC:  2    Str: 12    XL:     6   Next: 27%
Magic:  7/7        EV: 17    Int: 12    God:
Gold:   85         SH:  0    Dex: 15    Spells: 5/5 levels left
                                        Lives:  0   Deaths: 2

rFire   . .          .
                       - Unarmed
rCold   . . .        (shield unavailable)
rNeg    . . .        (body armour unavailable)
rPois   .            (helmet unavailable)
rElec   .            (cloak unavailable)
rCorr   .            (gloves unavailable)
SInv    +            (boots unavailable)
Will    .....        h - amulet of guardian spirit
Stlth   +            (no ring)
HPRegen 0.24/turn    (no ring)
MPRegen 0.10/turn

%: guardian spirit
@: flux-form, glowing, quick
A: glow, contaminating, reduced hp, very small, claws 1, fangs 3, see invisible,
speed 1, shaggy fur 2, stealthy paws, no weapons or thrown items, no armour,
multi-lived
a: Begin Untransformation


You were on level 4 of the Dungeon.
You were something dangerously unstable.
You visited 1 branch of the dungeon, and saw 4 of its levels.

You collected 85 gold pieces.

Inventory:

Jewellery
 h - an amulet of guardian spirit (around neck)
 l - an amulet of magic regeneration
Talismans
 b - a beast talisman
 c - a flux talisman (active)
Wands
 r - a wand of mindburst (3)
Scrolls
 d - a scroll of torment {unknown}
 e - 3 scrolls of fog {unknown}
 f - 2 scrolls of enchant armour {unknown}
 g - a scroll of identify {unknown}
 k - 2 scrolls of blinking {unknown}
 n - a scroll of enchant weapon {unknown}
 o - a scroll of acquirement {unknown}
 q - a scroll of noise {unknown}
Potions
 a - a potion of lignification
 i - a potion of enlightenment {unknown}
 j - a potion of brilliance {unknown}
 m - a potion of heal wounds
 p - a potion of might {unknown}
 s - a potion of berserk rage {unknown}
 t - a potion of curing {unknown}


   Skills:
 - Level 1.0 Fighting
 - Level 2.7 Dodging
 - Level 3.8 Unarmed Combat
 * Level 6.8 Shapeshifting


You had 5 spell levels left.
You didn't know any spells.
Your spell library contained the following spells:

 Spells                   Type           Power      Damage    Failure   Level
 Ensorcelled Hibernation  Hex/Ice        0%         N/A       45%         2
 Jinxbite                 Hex            0%         N/A       45%         2
 Sublimation of Blood     Necr           0%         N/A       45%         2
 Wereblood                Tmut           0%         N/A       45%         2
 Anguish                  Hex/Necr       0%         N/A       97%         4
 Summon Hydra             Summ           0%         N/A       100%        7


Dungeon Overview and Level Annotations

Branches:
Dungeon (4/15)
 Temple: D:4-7

Altars:


Innate Abilities, Weirdness & Mutations

You are something dangerously unstable.
You glow with magical radiation, making you easy to see and hit.
Foes you strike become dangerously contaminated with magical radiation.
Your maximum health is decreased, since you lack skill for your form.
You have sharp claws.
You have razor-sharp teeth.
You have supernaturally acute eyesight. (SInv)
You cover ground quickly. (Speed+)
You are covered in thick fur. (AC +2)
Your paws help you pounce on unaware monsters.
You are incapable of wielding weapons or throwing items.
You cannot wear armour.
You gain extra lives every three experience levels.


Message History

Things that are here:
a +0 club; a +0 flail; a gnoll corpse You completely miss the gnoll.
Your bite misses the gnoll. The gnoll misses you.
You scratch the gnoll but do no damage.
The gnoll begins to glow.
The gnoll hits you with a +0 spear.
You scratch the gnoll but do no damage.
The gnoll glows dangerously bright.
The gnoll misses you.
You barely miss the gnoll. You scratch the gnoll.
The gnoll shudders as magic cascades through it!!
You kill the gnoll!
No target in view!
No target in view!
HP restored.
Things that are here:
a +0 spear; a +1 heavy spear You pick up a book of Dreams and begin reading...
You add the spells Jinxbite, Ensorcelled Hibernation and Anguish to your library.
Found a ring mail.
A sleepcap comes into view.
A sleepcap is nearby!
You scratch the sleepcap.
The sleepcap begins to glow.
The sleepcap is lightly damaged.
The sleepcap releases spores at you!
You scratch the sleepcap.
The sleepcap glows dangerously bright.
The sleepcap is lightly damaged.
The sleepcap releases spores at you.
You are engulfed in a cloud of soporific spores!
You fall asleep.
The sleepcap releases spores at you!!
Ouch! That really hurt!
You die...
Your shape twists and changes as you die.
You are engulfed in a cloud of soporific spores!
You are unaffected.
You rejoin the land of the living...
Found 3 scrolls labelled QOWNEA PUASETZ and a fluorescent wand.
Found a stone staircase leading up.
Are you sure you want to abandon this character and quit the game? (Confirm with "yes".)

#..# . #..# #
#... # #..# #
#..#
###.#..####.##
#........./...
..#
#...p.......
#.#
#..<...?#.##
#.[
##.####.....
#.# #. #.##
#.. # # ###
#.. ..# #..
#.# #.. #.#
#.. #.# #..


There were no monsters in sight!

Vanquished Creatures
  Sigmund (D:3)
  Ijyb (D:3)
  6 gnolls
  2 adders
  A worm (D:3)
  4 dart slugs
  An endoplasm (D:2)
  6 giant cockroaches
  4 goblins
  7 hobgoblins
  A quokka (D:2)
  5 ball pythons
  6 bats
  2 frilled lizards (D:1)
  11 kobolds
  6 rats
64 creatures vanquished.

Notes
Turn   | Place    | Note
-------+----------+-------------------------------------------
     0 | D:1      | 2FriedEggs the Felid Shapeshifter began the quest for the
                  | Orb.
     0 | D:1      | Reached XP level 1. HP: 9/9 MP: 2/2
   233 | D:1      | Reached XP level 2. HP: 9/12 MP: 3/3
   432 | D:1      | Found a faded altar of an unknown god.
   554 | D:1      | Reached skill level 4 in Shapeshifting
   812 | D:1      | Reached XP level 3. HP: 15/15 MP: 4/4
  1490 | D:2      | Slain by a gnoll
  1909 | D:2      | Reached XP level 4. HP: 8/19 MP: 1/5
  2290 | D:3      | Noticed Sigmund
  2473 | D:3      | Noticed Ijyb
  2484 | D:3      | Killed Ijyb
  2485 | D:3      | Reached skill level 5 in Shapeshifting
  2688 | D:3      | Killed Sigmund
  2689 | D:3      | Reached skill level 6 in Shapeshifting
  2689 | D:3      | Reached XP level 5. HP: 21/22 MP: 6/6
  2689 | D:3      | Gained mutation: You are covered in thick fur. (AC +2)
                  | [Felid growth]
  2689 | D:3      | Reached XP level 6. HP: 23/25 MP: 7/7
  3096 | D:4      | Slain by a sleepcap
  3097 | D:4      | Quit the game

Illustrated notes

Levels and vault maps discovered:
D:1:      dpeg_arrival_arbitrary_b, layout_loops_corners,
          hellmonk_ecumenical_altar_defaced_shrine
D:2:      layout_loops_corners, chequers_serial_rivers_micro_b
D:3:      layout_basic, uniq_ijyb, uniq_sigmund
D:4:      layout_loops_ring, temple_doors_e, minmay_shop_mass,
          amethyst_killhole, st_stairs_14

Skill      XL: |  1  2  3  4 |
---------------+-------------+-----
Shapeshifting  | 4 6 |  6.8
Fighting       | |  1.0
Dodging        | |  2.7
Unarmed Combat | |  3.8

Action                     |  1- 3 |  4- 6 || total
---------------------------+-------+-------++-------
  Melee: Unarmed           |    96 |    78 ||   174
         Bite              |     7 |     9 ||    16
         Punch             |     1 |       ||     1
  Evoke: Wand              |       |     2 ||     2
    Use: Potion            |       |     1 ||     1
   Stab: Sleeping          |     3 |       ||     3
 Armour: Skin              |    29 |    21 ||    50
  Dodge: Dodged            |    68 |    51 ||   119
   Form: Flux              |     2 |       ||     2
         Beast             |     1 |       ||     1

Table legend: (Time is in decaauts)
 A = Elapsed time spent in this place.
 B = Non-inter-level travel time spent in this place.
 C = Inter-level travel time spent in this place.
 D = Time resting spent in this place.
 E = Time spent auto-exploring this place.
 F = Levels seen in this place.
 G = Mean time per level.
                   A        B        C        D        E       F      G
               +--------+--------+--------+--------+--------+-----+--------+
         Total |   2612 |   2491 |    121 |    218 |   1683 |   4 |  653.0 |
       Dungeon |   2612 |   2491 |    121 |    218 |   1683 |   4 |  653.0 |
               +--------+--------+--------+--------+--------+-----+--------+

Top non-repeatable levels by time:
     D:2: 944 daAuts
     D:1: 888 daAuts
     D:3: 652 daAuts
     D:4: 127 daAuts
